 Dungeon Crawl Stone Soup version 0.26.0-10-g1f06aea511 (webtiles) character file.

Game seed: 13713858866547743489

388 gruber the Chiller (level 6, -2/44 HPs)
             Began as a Gnoll Ice Elementalist on Feb 1, 2021.
             Slain by a gnoll shaman
             ... wielding a +0 club
              (10 damage)
             ... on level 3 of the Dungeon.
             The game lasted 00:03:41 (3155 turns).

gruber the Chiller (Gnoll Ice Elementalist)         Turns: 3155, Time: 00:03:41

Health: -2/44      AC:  3    Str: 11    XL:     6   Next: 79%
Magic:  1/14       EV: 15    Int: 19    God:
Gold:   191        SH:  0    Dex: 15    Spells: 11/15 levels left

rFire    . . .     SeeInvis .   u - -1 war axe (curse)
rCold    . . .     Faith    .   (no shield)
rNeg     . . .     Spirit   .   a - +0 robe
rPois    .         Reflect  .   (no helmet)
rElec    .         Harm     .   o - +0 cloak
rCorr    .         Rampage  .   (no gloves)
Will     .....                  (no boots)
Stlth    +++.......             (no amulet)
HPRegen  0.14/turn              (no ring)
MPRegen  0.14/turn              (no ring)

@: no status effects
A: distributed training, fangs 1, strong nose
a: no special abilities


You were on level 3 of the Dungeon.
You visited 1 branch of the dungeon, and saw 3 of its levels.

You collected 191 gold pieces.

Inventory:

Hand Weapons
 u - a cursed -1 war axe (weapon)
Missiles
 i - 9 poisoned darts (quivered)
 s - a throwing net
Armour
 a - a +0 robe (worn)
 o - a +0 cloak (worn)
Wands
 m - a wand of enslavement (4)
Scrolls
 g - 3 scrolls of teleportation {unknown}
 h - a scroll of noise {unknown}
 j - 3 scrolls of identify {unknown}
 k - a scroll of magic mapping {unknown}
 p - a scroll of immolation {unknown}
 q - a scroll of amnesia {unknown}
 r - a scroll of enchant armour {unknown}
 t - a scroll of remove curse {unknown}
Potions
 b - 2 potions of haste {unknown}
 c - 2 potions of cancellation {unknown}
 d - a potion of curing {unknown}
 e - a potion of lignification {unknown}
 f - 2 potions of heal wounds {unknown}
 l - 2 potions of degeneration {unknown}
 n - a potion of mutation {unknown}


   Skills:
 + Level 2.1 Fighting
 + Level 2.1 Short Blades
 + Level 2.1 Long Blades
 + Level 2.1 Axes
 + Level 2.1 Maces & Flails
 + Level 2.1 Polearms
 + Level 2.1 Staves
 + Level 2.1 Slings
 + Level 2.1 Bows
 + Level 2.1 Crossbows
 + Level 2.1 Throwing
 + Level 2.1 Armour
 + Level 5.0 Dodging
 + Level 4.7 Stealth
 + Level 2.1 Shields
 + Level 2.1 Unarmed Combat
 + Level 5.4 Spellcasting
 + Level 1.6 Conjurations
 + Level 1.6 Hexes
 + Level 1.6 Summonings
 + Level 1.6 Necromancy
 + Level 1.6 Translocations
 + Level 1.6 Transmutations
 + Level 1.6 Fire Magic
 + Level 7.3 Ice Magic
 + Level 1.6 Air Magic
 + Level 1.6 Earth Magic
 + Level 1.6 Poison Magic
 + Level 2.3 Invocations
 + Level 2.1 Evocations


You had 11 spell levels left.
You knew the following spells:

 Your Spells              Type           Power        Failure   Level
a - Freeze                Ice            100%         1%          1
b - Frozen Ramparts       Ice            66%          1%          3

Your spell library contained the following spells:

 Spells                   Type           Power        Failure   Level
 Ozocubu's Armour         Ice            33%          1%          3
 Hailstorm                Conj/Ice       22%          19%         4
 Summon Ice Beast         Ice/Summ       22%          19%         4


Dungeon Overview and Level Annotations

Branches:
Dungeon (3/15)

Altars:
Dithmenos


Innate Abilities, Weirdness & Mutations

Your experience applies equally to all skills.
You have very sharp teeth.
Your uncanny sense of smell can sniff out nearby items.


Message History

The gnoll hits you but does no damage.
A gnoll comes into view.
Unknown command.
Evoke which item? (* to show all) (? for menu, Esc to quit)
Aiming: Enslavement
Press: ? - help, Shift-Dir - straight line, f - gnoll, p - gnoll shaman
Aim: a gnoll, wielding a +0 spear (chance to affect: 61%)
The gnoll resists with significant effort.
The gnoll shaman hits you with a +0 club.
* * * LOW HITPOINT WARNING * * *
The gnoll misses you.
Unknown command.
Unknown command.
Evoke which item? (* to show all) (? for menu, Esc to quit)
Aiming: Enslavement
Press: ? - help, Shift-Dir - straight line, f/p - gnoll
Aim: a gnoll, wielding a +0 spear (chance to affect: 61%)
The gnoll is charmed.
The gnoll shaman hits you with a +0 club!
You die...

......#####.>....................
.................................
≈≈≈≈≈≈≈≈≈....≈≈≈≈≈≈≈≈≈≈≈≈≈≈≈≈≈≈≈.
≈≈≈≈≈≈≈≈≈....≈≈≈≈≈≈≈≈≈≈≈≈≈≈≈≈≈≈≈.
≈≈≈≈≈≈≈≈≈....≈≈≈≈≈≈≈≈≈≈≈≈#####≈≈.
.........................#g..#≈≈.
#########''''#############g..#≈≈P
#..g.#######g...(#+###≈≈. ∆
+...g'gg@)ggg....# #.≈≈≈.
#....#######g....# #.≈≈≈. ##''##
##### #.≈≈≈. .g.g. ∆ #.≈≈≈.
..g.gg. #.≈≈≈.


...gOgg #.≈≈≈. ......g ∆ ∆ #.≈≈≈. #####'' ∆ ∆#.≈≈≈. +.. #+###≈≈. You could see a
gnoll shaman, 7 gnolls and a friendly gnoll (charmed).

Vanquished Creatures
  An ogre (D:3)
  3 gnoll shamans (D:3)
  14 gnolls (D:3)
  An adder (D:2)
  3 oozes
  A worm (D:2)
  A dart slug (D:2)
  3 leopard geckos
  An orc (D:3)
  A ball python (D:3)
  A goblin (D:2)
  5 hobgoblins
  16 jackals
  6 bats
  3 frilled lizards
  6 kobolds
  A leopard gecko zombie (D:2)
  2 rats
69 creatures vanquished.

Vanquished Creatures (others)
  A plant (D:3)
1 creature vanquished.

Grand Total: 70 creatures vanquished

Notes
Turn   | Place    | Note
-------+----------+-------------------------------------------
     0 | D:1      | gruber the Gnoll Ice Elementalist began the quest for the
                  | Orb.
     0 | D:1      | Reached XP level 1. HP: 13/13 MP: 6/6
   116 | D:1      | Reached XP level 2. HP: 18/19 MP: 4/7
   980 | D:2      | Reached XP level 3. HP: 25/25 MP: 5/9
   984 | D:2      | Learned a level 3 spell: Frozen Ramparts
  1036 | D:2      | Reached skill level 5 in Spellcasting
  1187 | D:2      | Reached skill level 1 in Invocations
  1700 | D:2      | Found a faded altar of an unknown god.
  2054 | D:2      | Reached skill level 1 in Fighting
  2054 | D:2      | Reached skill level 1 in Short Blades
  2054 | D:2      | Reached skill level 1 in Long Blades
  2054 | D:2      | Reached skill level 1 in Axes
  2054 | D:2      | Reached skill level 1 in Maces & Flails
  2054 | D:2      | Reached skill level 1 in Polearms
  2054 | D:2      | Reached skill level 1 in Staves
  2054 | D:2      | Reached skill level 1 in Slings
  2054 | D:2      | Reached skill level 1 in Bows
  2054 | D:2      | Reached skill level 1 in Crossbows
  2054 | D:2      | Reached skill level 1 in Throwing
  2054 | D:2      | Reached skill level 1 in Armour
  2054 | D:2      | Reached skill level 1 in Shields
  2054 | D:2      | Reached skill level 1 in Unarmed Combat
  2054 | D:2      | Reached skill level 1 in Evocations
  2357 | D:2      | Found a shadowy altar of Dithmenos.
  2405 | D:3      | Reached XP level 4. HP: 32/32 MP: 7/11
  2624 | D:3      | Reached skill level 1 in Conjurations
  2624 | D:3      | Reached skill level 1 in Hexes
  2624 | D:3      | Reached skill level 1 in Summonings
  2624 | D:3      | Reached skill level 1 in Necromancy
  2624 | D:3      | Reached skill level 1 in Translocations
  2624 | D:3      | Reached skill level 1 in Transmutations
  2624 | D:3      | Reached skill level 1 in Fire Magic
  2624 | D:3      | Reached skill level 1 in Air Magic
  2624 | D:3      | Reached skill level 1 in Earth Magic
  2624 | D:3      | Reached skill level 1 in Poison Magic
  3081 | D:3      | Noticed an ogre
  3094 | D:3      | Reached XP level 5. HP: 37/37 MP: 8/12
  3115 | D:3      | Killed an ogre
  3116 | D:3      | Reached skill level 5 in Dodging
  3116 | D:3      | Reached XP level 6. HP: 28/44 MP: 5/14
  3155 | D:3      | Slain by a gnoll shaman

Illustrated notes

Levels and vault maps discovered:
D:1:      lightli_arrival_farm, layout_loops_ring, minmay_tromino_v4_a
D:2:      layout_loops_corners, marbit_many_paths,
          chequers_ecumenical_altar_grove, dk_noncrumbling_2
D:3:      lemuel_castle_with_subvaults [lemuel_castle_interior_original],
          layout_basic, portal_sewer_entry_e, uniq_jessica

Skill      XL: |  1  2  3  4  5 |
---------------+----------------+-----
Spellcasting   | 5 |  5.4
Invocations    | 1 2 |  2.3
Fighting       | 1 2 |  2.1
Short Blades   | 1 2 |  2.1
Long Blades    | 1 2 |  2.1
Axes           | 1 2 |  2.1
Maces & Flails | 1 2 |  2.1
Polearms       | 1 2 |  2.1
Staves         | 1 2 |  2.1
Slings         | 1 2 |  2.1
Bows           | 1 2 |  2.1
Crossbows      | 1 2 |  2.1
Throwing       | 1 2 |  2.1
Armour         | 1 2 |  2.1
Shields        | 1 2 |  2.1
Unarmed Combat | 1 2 |  2.1
Evocations     | 1 2 |  2.1
Conjurations   | 1 |  1.6
Hexes          | 1 |  1.6
Summonings     | 1 |  1.6
Necromancy     | 1 |  1.6
Translocations | 1 |  1.6
Transmutations | 1 |  1.6
Fire Magic     | 1 |  1.6
Air Magic      | 1 |  1.6
Earth Magic    | 1 |  1.6
Poison Magic   | 1 |  1.6
Dodging        | 5 |  5.0
Stealth        | |  4.7
Ice Magic      | |  7.3

Action                   |  1- 3 |  4- 6 || total
-------------------------+-------+-------++-------
Melee: Unarmed           |    24 |       ||    24
       Bite              |     1 |       ||     1
       War axe           |       |     4 ||     4
Throw: Dart              |     5 |       ||     5
 Cast: Freeze            |    18 |     7 ||    25
       Frozen Ramparts   |    13 |    13 ||    26
Evoke: Wand              |       |     2 ||     2
 Stab: Sleeping          |     4 |       ||     4
Armor: Robe              |    11 |     6 ||    17
Dodge: Dodged            |    34 |    43 ||    77
